 Dungeon Crawl Stone Soup version 0.32-a0-792-g3d70bf0 (webtiles) character file.

Game seed: 11932322566855578104

2963 Dorkslayer the Cleaver (level 9, -2/100 HPs)
             Began as an Octopode Fighter on Mar 20, 2024.
             Was a Believer of Okawaru.
             Constricted to death by Maurice (5 damage)
             ... on level 8 of the Dungeon.
             The game lasted 00:16:25 (5945 turns).

Dorkslayer the Cleaver (Octopode Fighter)           Turns: 5945, Time: 00:16:25

Health: -2/100     AC:  1    Str: 20    XL:     9   Next: 81%
Magic:  11/11      EV:  2    Int: 10    God:    Okawaru [**....]
Gold:   586        SH: 13    Dex: 11    Spells: 8/8 levels left

rFire   + + .        a - +0 war axe
rCold   x . .        t - +0 kite shield
rNeg    + . .        (helmet restricted)
rPois   +            m - amulet of reflection
rElec   .            e - ring of positive energy
rCorr   .            l - ring of flight
SInv    .            g - ring of protection from fire
Will    .....        q - ring of poison resistance Stlth
                     (no ring)
HPRegen 0.36/turn    (no ring)
MPRegen 0.12/turn    (no ring)
                     (no ring)

%: reflection
@: berserking, grasped by roots, attractive, flying, constricted, invisible,
very quick
A: almost no armour, amphibious, 8 rings, camouflage 1, gelatinous body 1,
(nimble swimmer 1), tentacles, tentacle spike 1, fire resistance 1, robust 1,
cold vulnerability 1
a: Renounce Religion, Heroism


You were on level 8 of the Dungeon.
You worshipped Okawaru.
Okawaru was pleased with you.
You visited 1 branch of the dungeon, and saw 8 of its levels.
You also visited: Sewer.

You collected 586 gold pieces.

Inventory:

Hand Weapons
 a - a +0 war axe (weapon)
Missiles
 v - a throwing net (quivered)
Armour
 t - a +0 kite shield (worn)
Jewellery
 e - a ring of positive energy (left tentacle)
 g - a ring of protection from fire (on tentacle)
 l - a ring of flight (right tentacle)
 m - an amulet of reflection (around mantle)
 q - a ring of poison resistance (on tentacle)
Wands
 i - a wand of acid (7)
 n - a wand of paralysis (13)
Scrolls
 c - a scroll of fog
 j - a scroll of poison
 r - a scroll of revelation
Potions
 b - 2 potions of resistance
 f - a potion of mutation


   Skills:
 * Level 5.6 Fighting
 + Level 8.5 Axes
 * Level 5.6 Dodging
 + Level 5.6 Stealth
 + Level 4.9 Shields
 * Level 2.9 Invocations
 * Level 4.8 Evocations


You had 8 spell levels left.
You didn't know any spells.
Your spell library contained the following spells:

 Spells                   Type           Power      Damage    Failure   Level
 Freeze                   Ice            0%         1d3       65%         1
 Shock                    Conj/Air       0%         1d3       65%         1
 Ensorcelled Hibernation  Hex/Ice        0%         N/A       78%         2
 Frozen Ramparts          Ice            0%         1d1       95%         3
 Fugue of the Fallen      Necr           0%         N/A       95%         3
 Hailstorm                Conj/Ice       0%         3d5       95%         3
 Swiftness                Air            0%         N/A       95%         3
 Airstrike                Air            0%         2d(0-16)  100%        4
 Anguish                  Hex/Necr       0%         N/A       100%        4


Dungeon Overview and Level Annotations

Branches:
Dungeon (8/15)             Temple (0/1) D:7           Sewer (visited)
   Lair: D:8-11

Altars:
Dithmenos
Elyvilon
Okawaru
Qazlal
Ru

Annotations:
D:8 Maurice


Innate Abilities, Weirdness & Mutations

You cannot wear most types of armour.
You are amphibious.
You can wear up to eight rings at the same time.
Your skin changes colour to match your surroundings (Stealth+).
Your rubbery body absorbs attacks. (AC +1, EV +1)
((You are camouflaged when in or above water. (Stealth+)))
You have tentacles for arms and can constrict up to eight enemies at once.
One of your tentacles bears a spike.
Your flesh is heat resistant. (rF+)
You are robust. (+10% HP)
You are vulnerable to cold. (rC-)


Message History

You fade into invisibility!
Something hits you! Something steals your beast talisman!
You block something's attack.
You are constricted.
Something's grasping roots sink back into the ground.
You barely miss something. Something hits you!
* * * LOW HITPOINT WARNING * * *
Something steals 1 of your 2 throwing nets!
You block something's attack.
You hear a zap.
The roots erupt in riotous growth!
The grasping roots grab you!
You are constricted.
* * * LOW HITPOINT WARNING * * *
A killer bee comes into view.
The killer bee buzzes angrily.
You hear an angry buzzing noise. x2
A killer bee is nearby!
It was a potion of magic.
Magic courses through your body. Something hits you.
* * * LOW HITPOINT WARNING * * *
Something steals 712 gold pieces!
You now have 586 gold pieces.
You block something's attack.
You are constricted.
* * * LOW HITPOINT WARNING * * *
It was a potion of attraction.
You feel attractive to monsters.
You hear some strange, mumbled words.
You are constricted.
* * * LOW HITPOINT WARNING * * *
Something is attracted toward you.
It was a potion of berserk rage.
A red film seems to cover your vision as you go berserk!
You feel yourself moving faster!
You feel mighty!
You are constricted.
* * * LOW HITPOINT WARNING * * *
Something's grasping roots sink back into the ground.
You feel a strong urge to attack something.
Something is attracted toward you.
You miss something. You squeeze something!!
You hear a zap.
The roots erupt in riotous growth!
The grasping roots grab you!
You are constricted.
You die...

#............
#............
#............
#............
####............
#...............
#...............
#.......@.......
#.......{.......
#......§........
#....)§.........
#..†............
#.)<............
#...)...........
#####+##.....##+
.....#


There were no monsters in sight!

Vanquished Creatures
  Prince Ribbit (D:6)
  A hornet (D:7)
  A steam dragon (D:6)
  Duvessa (D:4)
  An ice beast (D:6)
  Pargi (Sewer)
  2 phantoms
  A centaur (D:5)
  A brain worm (Sewer)
  A gnoll sergeant (D:7)
  3 bullfrogs
  2 scorpions
  6 wights (D:6)
  Dowan (D:4)
  A bombardier beetle (D:5)
  A jelly (D:5)
  7 hounds
  3 orc priests
  A gnoll bouda (D:7)
  Natasha (thrice) (D:3)
  3 iguanas
  4 orc wizards
  Robin (D:2)
  12 gnolls
  11 adders
  A shadow imp (D:6)
  3 white imps
  4 ufetubi
  5 ribbon worms
  A dart slug (D:2)
  10 orcs
  6 ball pythons
  5 endoplasms
  3 giant cockroaches
  12 goblins
  10 hobgoblins
  7 jackals
  2 quokkas (D:4)
  16 bats
  2 frilled lizards (D:1)
  8 kobolds
  A rat (D:2)
166 creatures vanquished.

Vanquished Creatures (collateral kills)
  An ogre (D:4)
  A ribbon worm (D:4)
  A kobold (D:4)
3 creatures vanquished.

Grand Total: 169 creatures vanquished

Notes
Turn   | Place    | Note
-------+----------+-------------------------------------------
     0 | D:1      | Dorkslayer the Octopode Fighter began the quest for the
                  | Orb.
     0 | D:1      | Reached XP level 1. HP: 16/16 MP: 1/1
   214 | D:1      | Reached XP level 2. HP: 17/21 MP: 2/2
   432 | D:1      | Found a faded altar of an unknown god.
   968 | D:2      | Reached XP level 3. HP: 26/26 MP: 3/3
  1358 | D:2      | Noticed Robin
  1364 | D:2      | Gained mutation: You are vulnerable to cold. (rC-) [potion
                  | of mutation]
  1364 | D:2      | Gained mutation: Your flesh is heat resistant. (rF+)
                  | [potion of mutation]
  1364 | D:2      | Gained mutation: One of your tentacles bears a spike.
                  | [potion of mutation]
  1364 | D:2      | Gained mutation: You are robust. (+10% HP) [potion of
                  | mutation]
  1371 | D:2      | HP: 1/28 [Robin/+0 whip (2)]
  1372 | D:2      | Killed Robin
  1373 | D:2      | Reached skill level 1 in Stealth
  1375 | D:2      | Reached XP level 4. HP: 2/34 MP: 4/4
  1491 | D:2      | Reached skill level 3 in Axes
  1784 | D:3      | Noticed Natasha
  1799 | D:3      | Killed Natasha
  1800 | D:3      | Reached XP level 5. HP: 32/39 MP: 5/5
  1804 | D:3      | Reached skill level 4 in Axes
  2014 | D:3      | Found a sacrificial altar of Ru.
  2128 | D:3      | Found a shadowy altar of Dithmenos.
  2370 | D:3      | Noticed Natasha
  2374 | D:3      | Killed Natasha
  2375 | D:3      | Reached XP level 6. HP: 36/46 MP: 6/6
  2575 | D:3      | Noticed Natasha
  2580 | D:3      | Killed Natasha
  2618 | D:4      | Reached skill level 5 in Axes
  2637 | D:4      | Reached skill level 1 in Evocations
  2795 | D:4      | Reached XP level 7. HP: 50/50 MP: 7/7
  2882 | D:4      | Found a white marble altar of Elyvilon.
  2957 | D:4      | Found a glowing drain.
  2971 | Sewer    | Entered a sewer
  3008 | Sewer    | Reached skill level 6 in Axes
  3016 | Sewer    | Noticed Pargi
  3030 | Sewer    | Killed Pargi
  3304 | D:4      | Found a stormy altar of Qazlal.
  3412 | D:4      | Noticed Duvessa
  3414 | D:4      | Noticed Dowan
  3422 | D:4      | Killed Duvessa
  3423 | D:4      | Reached XP level 8. HP: 44/59 MP: 8/8
  3423 | D:4      | Killed Dowan
  3830 | D:5      | Entered Level 5 of the Dungeon
  3846 | D:5      | Found an iron altar of Okawaru.
  3896 | D:5      | Became a worshipper of Warmaster Okawaru
  3897 | D:5      | Identified a scroll of acquirement
  3898 | D:5      | Acquired 954 gold pieces
  4084 | D:5      | Reached skill level 7 in Axes
  4218 | D:5      | Reached skill level 5 in Stealth
  4614 | D:6      | Reached * piety under Okawaru
  5056 | D:6      | Reached skill level 1 in Invocations
  5144 | D:6      | Reached XP level 9. HP: 64/64 MP: 9/9
  5149 | D:6      | Reached skill level 5 in Dodging
  5171 | D:6      | Reached skill level 5 in Fighting
  5171 | D:6      | Reached skill level 8 in Axes
  5180 | D:6      | Noticed Prince Ribbit
  5192 | D:6      | Reached ** piety under Okawaru
  5351 | D:6      | Killed Prince Ribbit
  5446 | D:7      | Found a staircase to the Ecumenical Temple.
  5450 | D:7      | Noticed a hornet
  5457 | D:7      | Killed a hornet
  5930 | D:8      | Noticed Maurice
  5935 | D:8      | Something stole an amulet of the acrobat
  5938 | D:8      | Something stole a +3 flail
  5939 | D:8      | Something stole a beast talisman
  5940 | D:8      | Something stole 2 throwing nets
  5941 | D:8      | Something stole 712 gold
  5942 | D:8      | HP: 2/67 [something (3)]
  5945 | D:8      | Constricted to death by Maurice

Illustrated notes

Levels and vault maps discovered:
D:1:      erik_arrival_cave_to_civilisation [erik_arrival_cave_to_hall],
          layout_rooms, ebering_ecumenical_altar_rust, roderic_lattice_a
D:2:      layout_loops_ring, uniq_robin
D:3:      layout_basic, nicolae_dithmenos_through_a_glass_darkly,
          nicolae_ru_great_annihilating_truth, dreamdust_mushroom_princess,
          uniq_natasha
D:4:      layout_loops_corners, nicolae_qazlal_general_emergency,
          old_standard_altar, cheibrodos_sewer_entry_bend, uniq_duvessa
D:5:      layout_basic, mainiacjoe_overflow_paths
D:6:      layout_cave_pods, kennysheep_generic_room_12, uniq_prince_ribbit1
D:7:      layout_rooms, minmay_temple_entry_waves
D:8:      layout_gridville, marbit_many_paths,
          gammafunk_ghost_berserking_beasts, monkooky_shop_alliterative,
          uniq_grum, uniq_pikel, uniq_maurice

Skill      XL: |  1  2  3  4  5  6  7  8  9 |
---------------+----------------------------+-----
Stealth        | 1 2 3 4 5 |  5.6
Axes           | 3 4 5 6 7 8 |  8.5
Evocations     | 1 2 3 4 |  4.8
Dodging        | 4 5 |  5.6
Fighting       | 4 5 |  5.6
Shields        | 4 |  4.9
Invocations    | 1 2 |  2.9

Action                     |  1- 3 |  4- 6 |  7- 9 || total
---------------------------+-------+-------+-------++-------
  Melee: War axe           |    51 |    58 |   187 ||   296
         Constrict         |    12 |    21 |    46 ||    79
         Tentacles         |     7 |    14 |    39 ||    60
         Kick              |     1 |    12 |    62 ||    75
  Throw: Throwing net      |       |       |     1 ||     1
  Evoke: Wand              |       |       |     7 ||     7
    Use: Scroll            |     5 |     2 |     6 ||    13
         Potion            |     4 |     1 |     6 ||    11
   Stab: Sleeping          |     4 |     7 |    14 ||    25
         Paralysed         |       |     1 |       ||     1
         Distracted        |       |     1 |       ||     1
         Invisible         |       |       |     1 ||     1
 Armour: Skin              |    28 |    22 |   103 ||   153
  Dodge: Dodged            |    31 |    29 |    76 ||   136
  Block: Buckler           |     9 |     6 |    32 ||    47
         Kite shield       |       |       |    99 ||    99
         Reflection        |       |       |     2 ||     2

Table legend: (Time is in decaauts)
 A = Elapsed time spent in this place.
 B = Non-inter-level travel time spent in this place.
 C = Inter-level travel time spent in this place.
 D = Time resting spent in this place.
 E = Time spent auto-exploring this place.
 F = Levels seen in this place.
 G = Mean time per level.
                   A        B        C        D        E       F      G
               +--------+--------+--------+--------+--------+-----+--------+
         Total |   6008 |   5955 |     53 |      0 |   3306 |   9 |  667.6 |
       Dungeon |   5921 |   5868 |     53 |      0 |   3301 |   8 |  740.1 |
         Sewer |     86 |     86 |      0 |      0 |      5 |   1 |   86.0 |
               +--------+--------+--------+--------+--------+-----+--------+

Top non-repeatable levels by time:
     D:4: 1127 daAuts
     D:3: 902 daAuts
     D:2: 885 daAuts
     D:1: 861 daAuts
     D:6: 830 daAuts
     D:5: 786 daAuts
     D:7: 506 daAuts
   Sewer: 86 daAuts
     D:8: 21 daAuts
